 Dungeon Crawl Stone Soup version 0.30-a0-567-gf7fd966b4a (webtiles) character file.

Game seed: 4965798164085109271

1514 Barriton the Chiller (level 8, 0/60 HPs)
             Began as a Green Draconian Ice Elementalist on Dec 28, 2022.
             Was an Initiate of Sif Muna.
             Slain by a wolf (4 damage)
             ... led by Grum
             ... on level 8 of the Dungeon.
             The game lasted 00:20:03 (5689 turns).

Barriton the Chiller (DrIE)                         Turns: 5689, Time: 00:20:04

Health: 0/60       AC:  6    Str: 11    XL:     8   Next: 53%
Magic:  17/17      EV: 12    Int: 18    God:    Sif Muna [......]
Gold:   267        SH:  0    Dex: 11    Spells: 15/19 levels left

rFire   . . .      SeeInvis .    m - staff of cold
rCold   + . .      Faith    .    (no shield)
rNeg    . . .      Spirit   .    (body armour unavailable)
rPois   +          Reflect  .    (helmet restricted)
rElec   .          Harm     .    (no cloak)
rCorr   +          Rampage  .    (no gloves)
Will    +....                    (no boots)
Stlth   ++                       (no amulet)
HPRegen 0.30/turn                i - ring of willpower
MPRegen 0.15/turn                p - ring of resist corrosion

@: lethally poisoned (0 -> -6)
A: breathe noxious fumes, AC +6, unfitting armour, poison resistance,
cold-blooded
a: Breathe Noxious Fumes, Renounce Religion


You were on level 8 of the Dungeon.
You worshipped Sif Muna.
Sif Muna was noncommittal.
You visited 2 branches of the dungeon, and saw 8 of its levels.

You collected 267 gold pieces.

Inventory:

Hand Weapons
 c - a +2 short sword of speed
 e - a +3 sling of draining
 j - a +0 quarterstaff
 n - a +2 war axe of flaming
Missiles
 d - 95 stones (quivered)
Magical Staves
 m - a staff of cold (weapon)
 x - a staff of air
Jewellery
 i - a ring of willpower (left hand)
 p - a ring of resist corrosion (right hand)
Wands
 t - a wand of polymorph (7)
Scrolls
 b - a scroll of teleportation
 f - 4 scrolls of enchant armour
 g - 3 scrolls of vulnerability
 h - 4 scrolls of identify
 l - a scroll of fog
 s - a scroll of amnesia
 w - a scroll of magic mapping
Potions
 a - a potion of heal wounds
 k - a potion of might
 o - a potion of attraction
 r - 2 potions of haste
 u - 2 potions of degeneration


   Skills:
 + Level 1.7 Fighting
 + Level 0.5 Short Blades
 + Level 1.6 Axes
 + Level 2.9 Ranged Weapons
 + Level 3.2 Dodging
 + Level 2.6 Stealth
 + Level 0.6 Unarmed Combat
 + Level 6.1 Spellcasting
 + Level 0.1 Necromancy
 + Level 7.4 Ice Magic
 + Level 0.1 Poison Magic


You had 15 spell levels left.
You knew the following spells:

 Your Spells              Type           Power      Damage    Failure   Level
a - Freeze                Ice            100%       1d10      1%          1
b - Ozocubu's Armour      Ice            48%        N/A       1%          3

Your spell library contained the following spells:

 Spells                   Type           Power      Damage    Failure   Level
 Frozen Ramparts          Ice            96%        1d15      1%          3
 Cigotuvi's Dreadful Rot  Necr/Pois/Air  10%        N/A       17%         2
 Summon Ice Beast         Ice/Summ       28%        N/A       26%         4
 Kindle Blastsparks       Fire/Tloc/Air  10%        2d10      34%         3
 Dispel Undead            Necr           5%         3d7       75%         4
 Fulminant Prism          Conj/Hex       2%         3d5       75%         4
 Iskenderun's Mystic Bla  Conj/Tloc      5%         2d3       75%         4
 Lee's Rapid Deconstruct  Erth           2%         3d5*      97%         5
 Ozocubu's Refrigeration  Ice            24%        4d12      99%         7
 Death Channel            Necr           2%         N/A       100%        6


Dungeon Overview and Level Annotations

Branches:
Dungeon (8/15)             Temple (1/1) D:7
   Lair: D:8-11

Altars:
Ashenzari
Cheibriados
Fedhas
Kikubaaqudgha
Okawaru
Sif Muna
Wu Jian
Xom
Zin

Shops:
D:2 *

Annotations:
D:8 Grum


Innate Abilities, Weirdness & Mutations

You can breathe blasts of noxious fumes.
Your lurid green scales are hard. (AC +6)
You cannot fit into any form of body armour.
Your system is resistant to poisons. (rPois)
You are cold-blooded and may be slowed by cold attacks.


Message History

The killer bee barely misses you. The wolf bites you but does no damage.
The killer bee attacks as you move away!
The killer bee barely misses you. The killer bee closely misses you.
Found a stone staircase leading up.
The killer bee closely misses you. The wolf completely misses you.
The killer bee attacks as you move away!
The killer bee barely misses you. The killer bee stings you.
The wolf misses you. The wolf bites you. The killer bee closely misses you.
A gnoll bouda and a gnoll come into view.
The gnoll is wielding a +4 flail of protection.
The gnoll bouda shouts!
You hear a shout!
The gnoll bouda barks out a call to the hunt!
The gnoll picks up the pace!
A gnoll comes into view. It is wielding a +0 spear.
The killer bee stings you.
* * * LOW HITPOINT WARNING * * *
The wolf bites you but does no damage. The wolf barely misses you.
You hear a shout!
The wolf attacks as you move away! The wolf bites you.
* * * LOW HITPOINT WARNING * * *
The wolf attacks as you move away!
The wolf bites you but does no damage. 2 gnolls come into view.
The gnoll shouts! x2
The killer bee barely misses you. The wolf barely misses you.
The gnoll shouts!
The killer bee closely misses you. The gnoll closely misses you.
The wolf attacks as you move away! The wolf barely misses you.
The killer bee attacks as you move away!
The killer bee stings you but does no damage.
Found 11 gold pieces.
The killer bee stings you.
* * * LOW HITPOINT WARNING * * *
You are lethally poisoned!
The killer bee poisons you!
The wolf misses you. x2; The wolf bites you.
* * * LOW HITPOINT WARNING * * *
The wolf attacks as you move away! The wolf closely misses you.
* * * LOW HITPOINT WARNING * * *
You feel very sick. The killer bee barely misses you. The wolf bites you.
You die...

.$.## ##...##
.....# ..)#
##o..####.gg..##
....
##o...#g......#
#..
##.....g.....#
#............
##...g.......
#..yyyh.##
####..hyh.##
......h@..#
...........#
...........#
...........#
...........#
...........#
..$......##
....######


You could see an orc warrior, 4 wolves, a gnoll bouda, 4 killer bees, 4 gnolls
and an orc.

Vanquished Creatures
  A steam dragon (D:8)
  A water moccasin (D:7)
  A black bear (D:7)
  2 ice beasts (D:7)
  A sky beast (D:7)
  A centaur (D:8)
  2 kobold brigands
  A bullfrog (D:7)
  A gnoll sergeant (D:7)
  A scorpion (D:4)
  2 jellies (D:5)
  A hound (D:3)
  An orc priest (D:3)
  Jessica (D:3)
  An iguana (D:4)
  Natasha (twice) (D:2)
  An orc wizard (D:4)
  Terence (D:3)
  Robin (D:2)
  4 gnolls (D:7)
  5 adders
  A white imp (D:7)
  3 worms
  5 dart slugs
  17 orcs
  9 bats
  6 endoplasms
  3 giant cockroaches
  12 goblins
  9 hobgoblins
  3 jackals (D:3)
  16 kobolds
  11 ball pythons
  A frilled lizard (D:3)
  2 rats (D:1)
130 creatures vanquished.

Vanquished Creatures (others)
  8 plants (D:4)
8 creatures vanquished.

Grand Total: 138 creatures vanquished

Notes
Turn   | Place    | Note
-------+----------+-------------------------------------------
     0 | D:1      | Barriton the Draconian Ice Elementalist began the quest for
                  | the Orb.
     0 | D:1      | Reached XP level 1. HP: 14/14 MP: 3/3
   217 | D:1      | Reached XP level 2. HP: 20/20 MP: 3/5
   563 | D:1      | Reached XP level 3. HP: 26/26 MP: 3/6
   694 | D:1      | Learned a level 2 spell: Cigotuvi's Dreadful Rot
  1106 | D:2      | Noticed Natasha
  1126 | D:2      | Killed Natasha
  1222 | D:2      | Found Xizxapn's General Store.
  1418 | D:2      | Noticed Natasha
  1419 | D:2      | Reached XP level 4. HP: 33/33 MP: 8/8
  1421 | D:2      | Killed Natasha
  1440 | D:2      | Noticed Robin
  1459 | D:2      | Killed Robin
  1864 | D:3      | Noticed Jessica
  1867 | D:3      | Killed Jessica
  1868 | D:3      | Reached skill level 5 in Ice Magic
  1868 | D:3      | Reached XP level 5. HP: 38/38 MP: 7/10
  1898 | D:3      | Found an iron altar of Okawaru.
  2241 | D:3      | Found a snail-covered altar of Cheibriados.
  2242 | D:3      | Found a shimmering altar of Xom.
  2362 | D:3      | Found a broken altar of Ashenzari.
  2387 | D:3      | Found a glowing silver altar of Zin.
  2390 | D:3      | Found an ancient bone altar of Kikubaaqudgha.
  2390 | D:3      | Noticed Terence
  2397 | D:3      | Killed Terence
  2409 | D:3      | Found a blossoming altar of Fedhas.
  2439 | D:3      | HP: 1/25 [orc priest/divine providence (14)]
  2624 | D:3      | Reached skill level 1 in Ranged Weapons
  2624 | D:3      | Reached XP level 6. HP: 36/39 MP: 8/11
  2999 | D:3      | Learned a level 3 spell: Ozocubu's Armour
  3703 | D:5      | Entered Level 5 of the Dungeon
  3825 | D:5      | You fall into a shaft and drop 2 floors!
  3827 | D:7      | Noticed an ice beast
  3839 | D:7      | Killed an ice beast
  3840 | D:7      | Your scales start taking on a lurid green colour.
  3840 | D:7      | Reached XP level 7. HP: 27/51 MP: 10/13
  3840 | D:7      | Gained mutation: Your system is resistant to poisons.
                  | (rPois) [Green Draconian growth]
  3958 | D:7      | Reached skill level 1 in Fighting
  3958 | D:7      | Reached skill level 6 in Ice Magic
  4215 | D:7      | Reached skill level 1 in Axes
  4249 | D:7      | Found an ornate altar of the Wu Jian Council.
  4302 | D:7      | Reached skill level 5 in Spellcasting
  4328 | D:7      | Reached XP level 8. HP: 59/59 MP: 11/15
  4580 | D:7      | Found a staircase to the Ecumenical Temple.
  5252 | Temple   | Entered the Ecumenical Temple
  5274 | Temple   | Became a worshipper of Sif Muna the Loreminder
  5335 | D:8      | Reached skill level 7 in Ice Magic
  5665 | D:8      | Noticed Grum
  5689 | D:8      | Slain by a wolf

Illustrated notes

Levels and vault maps discovered:
D:1:      minmay_arrival_shattered_statue, layout_rooms
D:2:      layout_basic, serial_shops, shop, uniq_natasha, uniq_robin
D:3:      layout_basic, mainiacjoe_overflow_small_starburst,
          grunt_temple_overflow_cloverleaf, minitemple, uniq_jessica,
          uniq_terence
D:4:      layout_rooms, kennysheep_boxes
D:5:      layout_loops_ring, uniq_grinder
D:7:      layout_loops_cross, nzn_wu_jian_contemplation,
          minmay_temple_entry_slanted
D:8:      layout_layer_cave, special_room [special_room_kobold], uniq_grum
Temple:   nicolae_temple_figure_eight

Skill      XL: |  1  2  3  4  5  6  7  8 |
---------------+-------------------------+-----
Dodging        | 2 3 |  3.2
Spellcasting   | 3 4 5 6 |  6.1
Ice Magic      | 5 6 7 |  7.4
Stealth        | 2 |  2.6
Ranged Weapons | 1 2 |  2.9
Fighting       | 1 |  1.7
Axes           | 1 |  1.6
Short Blades   | |  0.5
Unarmed Combat | |  0.6
Necromancy     | |  0.1
Poison Magic   | |  0.1

Action                   |  1- 3 |  4- 6 |  7- 9 || total
-------------------------+-------+-------+-------++-------
Melee: Unarmed           |    23 |       |       ||    23
       Tailslap          |     3 |     5 |       ||     8
       Short sword       |     7 |    39 |       ||    46
       Punch             |       |     1 |       ||     1
       War axe           |       |     8 |     5 ||    13
       Staff             |       |     2 |     5 ||     7
 Fire: Sling             |     6 |    68 |     8 ||    82
Throw: Stone             |     3 |     5 |     2 ||    10
 Cast: Freeze            |    44 |    72 |    84 ||   200
       Cigotuvi's Dreadf |     1 |     4 |       ||     5
       Ozocubu's Armour  |       |     2 |     4 ||     6
  Use: Scroll            |     5 |     9 |     4 ||    18
       Potion            |     2 |       |     4 ||     6
Armor: Skin              |    17 |    41 |    55 ||   113
Dodge: Dodged            |    46 |    55 |   107 ||   208

Table legend: (Time is in decaauts)
 A = Elapsed time spent in this place.
 B = Non-inter-level travel time spent in this place.
 C = Inter-level travel time spent in this place.
 D = Time resting spent in this place.
 E = Time spent auto-exploring this place.
 F = Levels seen in this place.
 G = Mean time per level.
                   A        B        C        D        E       F      G
               +--------+--------+--------+--------+--------+-----+--------+
         Total |   5698 |   5532 |    166 |      0 |   4483 |   8 |  712.2 |
       Dungeon |   5657 |   5491 |    166 |      0 |   4467 |   7 |  808.1 |
        Temple |     40 |     40 |      0 |      0 |     16 |   1 |   40.0 |
               +--------+--------+--------+--------+--------+-----+--------+

Top non-repeatable levels by time:
     D:7: 1465 daAuts
     D:3: 1147 daAuts
     D:1: 1086 daAuts
     D:2: 772 daAuts
     D:4: 698 daAuts
     D:8: 364 daAuts
     D:5: 123 daAuts
  Temple: 40 daAuts
